 Dungeon Crawl Stone Soup version 0.32-a0-7-ge934b4519a (webtiles) character file.

Game seed: 186554700658101096

217 Laraso the Slasher (level 5, -2/45 HPs)
             Began as a Draconian Monk on Jan 13, 2024.
             Slain by a bullfrog (6 damage)
             ... in a sewer.
             The game lasted 00:02:47 (2649 turns).

Laraso the Slasher (Draconian Monk)                 Turns: 2649, Time: 00:02:47

Health: -2/45      AC:  5    Str: 14    XL:     5   Next: 61%
Magic:  5/5        EV: 12    Int: 10    God:
Gold:   111        SH:  0    Dex: 15    Spells: 4/4 levels left

rFire   . . .        a - +0 falchion
rCold   . . .        c - orb {light}
rNeg    . . .        (body armour unavailable)
rPois   .            (helmet restricted)
rElec   .            (no cloak)
rCorr   .            (no gloves)
SInv    .            (no boots)
Will    .....        (no amulet)
Stlth   +            (no ring)
HPRegen 0.27/turn    (no ring)
MPRegen 0.09/turn

%: no passive effects
@: mighty, glowing
A: AC +5, unfitting armour, cold-blooded
a: no special abilities


You were in a sewer.
You visited 1 branch of the dungeon, and saw 4 of its levels.
You also visited: Sewer.

You collected 111 gold pieces.

Inventory:

Hand Weapons
 a - a +0 falchion (weapon)
Missiles
 e - 8 poisoned darts (quivered)
Armour
 c - an orb of light (worn)
Jewellery
 r - a +6 ring of intelligence
Scrolls
 f - a scroll of revelation
 k - a scroll of noise {unknown}
 m - a scroll of vulnerability {unknown}
 o - a scroll of teleportation {unknown}
 s - a scroll of enchant armour {unknown}
Potions
 b - a potion of attraction
 d - a potion of mutation
 h - a potion of haste {unknown}
 i - a potion of might
 j - a potion of heal wounds {unknown}
 l - a potion of invisibility {unknown}
 n - 2 potions of enlightenment {unknown}
 p - a potion of magic {unknown}


   Skills:
 - Level 3.2 Fighting
 * Level 6.4 Long Blades
 - Level 2.6 Dodging


You had 4 spell levels left.
You didn't know any spells.
Your spell library contained the following spells:

 Spells                   Type           Power      Damage    Failure   Level
 Gell's Gravitas          Tloc           0%         N/A       75%         3
 Teleport Other           Tloc           0%         N/A       75%         3
 Dispersal                Tloc           0%         N/A       100%        6


Dungeon Overview and Level Annotations

Branches:
Dungeon (4/15)              Sewer (1/1)
 Temple: D:4-7

Altars:

Shops:
D:3 (

Annotations:
D:4 3 runed translucent doors, MrSquiggles's ghost, amateur OpCj


Innate Abilities, Weirdness & Mutations

Your plain brown scales are hard. (AC +5)
You cannot fit into any form of body armour.
You are cold-blooded and may be slowed by cold attacks.


Message History

You are too injured to fight recklessly!
Your unstable footing causes you to fumble your attack.
The bullfrog hits you. The bullfrog barely misses you. The bullfrog hits you.
The bullfrog closely misses you. The bullfrog misses you.
The bullfrog closely misses you. The bullfrog barely misses you.
The bullfrog hits you.
You hit the bullfrog.
The bullfrog is lightly wounded.
The bullfrog hits you. The bullfrog closely misses you.
You barely miss the bullfrog.
The bullfrog is lightly wounded.
The bullfrog closely misses you. The bullfrog hits you!
* * * LOW HITPOINT WARNING * * *
The bullfrog hits you.
* * * LOW HITPOINT WARNING * * *
Okay, then.
As you read the scroll of identify, it crumbles to dust.
i - 2 potions of might The bullfrog barely misses you.
The bullfrog hits you.
* * * LOW HITPOINT WARNING * * *
The bullfrog barely misses you.
It was a potion of curing.
You feel better. The bullfrog misses you. The bullfrog barely misses you.
The bullfrog hits you.
* * * LOW HITPOINT WARNING * * *
You feel very mighty all of a sudden.
The bullfrog barely misses you. x2; The bullfrog misses you.
You barely miss the bullfrog.
The bullfrog is lightly wounded.
The bullfrog barely misses you. The bullfrog misses you. x2
You hit the bullfrog.
The bullfrog is moderately wounded.
The bullfrog hits you but does no damage.
The bullfrog hits you.
* * * LOW HITPOINT WARNING * * *
The bullfrog hits you.
* * * LOW HITPOINT WARNING * * *
You slash the bullfrog! You tail-slap the bullfrog.
You kill the bullfrog!
The bullfrog hits you.
You die...

~~# ≈≈≈≈### #~≈≈~.# ~~#
≈≈≈≈≈≈≈≈≈≈≈≈####≈≈≈~.# ~~#
≈≈≈≈≈≈≈≈≈≈~≈≈≈##≈≈≈~.# ~~#
≈≈≈≈≈≈≈≈≈~∩~~≈≈#≈≈≈~~# ~.#
≈≈≈~~.≈≈...~≈≈≈≈≈≈≈~.# ~~#
#≈≈≈≈≈~~.!)~.~~~≈≈†≈≈~≈~~# ~~#
#≈≈≈≈≈≈.)$/.~.~≈≈†≈†~~≈~.# ~.#
#≈≈≈≈≈≈≈~?F~~.≈≈†≈≈≈~~≈~.# ~.#
#≈≈≈≈≈≈≈≈~.@~~~~≈≈≈~~~≈~~# ~.#
#≈≈~≈≈≈≈≈≈~~.~≈≈≈≈~~~≈~~# ~.#
#≈≈≈~≈≈≈≈≈≈≈≈≈≈≈≈≈~.~≈~~#
~.#######~≈≈≈≈≈≈≈~~≈≈≈≈≈~.~≈~.#
~.~~.........~~≈~≈≈~~~~..~~≈~.#
~~~~~~~~~~~~~~~~≈~~≈≈≈~~~~≈≈~.#
≈≈≈≈≈≈≈≈≈≈≈≈≈≈≈≈≈≈≈≈≈≈≈≈≈≈≈~~.#
~~~~~~~~~~~~~~~~~~~~~~~~~~~~..#
~~~~~.†.........÷............##


You could see a bullfrog.

Vanquished Creatures
  A bullfrog (Sewer)
  Jessica (D:2)
  7 gnolls
  5 adders
  5 dart slugs (Sewer)
  An orc (D:3)
  2 bats
  4 endoplasms
  10 giant cockroaches
  3 goblins (D:1)
  4 hobgoblins
  10 kobolds
  3 quokkas
  6 ball pythons
  6 frilled lizards
  A rat (D:2)
69 creatures vanquished.

Notes
Turn   | Place    | Note
-------+----------+-------------------------------------------
     0 | D:1      | Laraso the Draconian Monk began the quest for the Orb.
     0 | D:1      | Reached XP level 1. HP: 19/19 MP: 1/1
   147 | D:1      | Reached XP level 2. HP: 20/26 MP: 2/2
   583 | D:1      | Reached skill level 4 in Long Blades
   792 | D:2      | Reached XP level 3. HP: 31/31 MP: 3/3
   809 | D:2      | Noticed Jessica
   819 | D:2      | Killed Jessica
   977 | D:2      | Reached skill level 5 in Long Blades
   977 | D:2      | Reached XP level 4. HP: 32/38 MP: 4/4
  1764 | D:3      | Found Quitroxt's Antique Weapon Boutique.
  1818 | D:3      | Reached XP level 5. HP: 31/45 MP: 5/5
  2294 | D:4      | Noticed an ice beast
  2310 | D:4      | Found a runed translucent gate.
  2310 | D:4      | Found a runed translucent gate.
  2310 | D:4      | Noticed MrSquiggles's ghost (amateur OpCj)
  2311 | D:4      | Found a runed translucent gate.
  2332 | D:4      | Reached skill level 6 in Long Blades
  2346 | D:4      | Found a glowing drain.
  2369 | Sewer    | Entered a sewer
  2649 | Sewer    | Slain by a bullfrog

Illustrated notes

Levels and vault maps discovered:
D:1:      roderic_dead_forest, layout_basic, minmay_tromino_i4
D:2:      layout_basic, chequers_serial_rivers_small_3, uniq_jessica
D:3:      layout_basic, serial_shops, shop
D:4:      layout_loops_cross, mainiacjoe_overflow_six_doors_small,
          okawaru_trees_2, gammafunk_ghost_split, portal_sewer_entry_f,
          uniq_eustachio, uniq_menkaure, uniq_pikel, uniq_grinder
Sewer:    sewer_frog_island_01

Skill      XL: |  1  2  3  4  5 |
---------------+----------------+-----
Long Blades    | 4 5 6 |  6.4
Fighting       | |  3.2
Dodging        | |  2.6

Action                     |  1- 3 |  4- 6 || total
---------------------------+-------+-------++-------
  Melee: Falchion          |    60 |   148 ||   208
         Tailslap          |     9 |    25 ||    34
    Use: Potion            |     1 |     2 ||     3
         Scroll            |       |     5 ||     5
 Armour: Skin              |    33 |   102 ||   135
  Dodge: Dodged            |    44 |   124 ||   168

Table legend: (Time is in decaauts)
 A = Elapsed time spent in this place.
 B = Non-inter-level travel time spent in this place.
 C = Inter-level travel time spent in this place.
 D = Time resting spent in this place.
 E = Time spent auto-exploring this place.
 F = Levels seen in this place.
 G = Mean time per level.
                   A        B        C        D        E       F      G
               +--------+--------+--------+--------+--------+-----+--------+
         Total |   2701 |   2602 |     99 |     49 |   1949 |   5 |  540.2 |
       Dungeon |   2383 |   2284 |     99 |     49 |   1855 |   4 |  595.8 |
         Sewer |    318 |    318 |      0 |      0 |     94 |   1 |  318.0 |
               +--------+--------+--------+--------+--------+-----+--------+

Top non-repeatable levels by time:
     D:3: 833 daAuts
     D:2: 797 daAuts
     D:1: 675 daAuts
   Sewer: 318 daAuts
     D:4: 77 daAuts
